 Dungeon Crawl Stone Soup version 0.27.1-34-g3ba077fa99 (webtiles) character file.

Game seed: 4933164286703608566

3984 saladfella the Spear-Bearer (level 10, -2/124 (126) HPs)
             Began as a Palentonga Berserker on Jan 17, 2022.
             Was an Elder of Trog.
             Slain by a tengu warrior (9 damage)
             ... on level 8 of the Dungeon.
             The game lasted 00:28:23 (8733 turns).

saladfella the Spear-Bearer (Palentonga Berserker)  Turns: 8733, Time: 00:28:24

HP:   -2/124 (126)  AC: 17    Str: 23    XL:     10   Next: 3%
MP:   10/10         EV:  9    Int:  7    God:    Trog [****..]
Gold: 265           SH:  0    Dex: 11    Spells: 9/9 levels left

rFire    x . .     SeeInvis +   h - +8 trident (elec)
rCold    + + .     Faith    .   (no shield)
rNeg     . . .     Spirit   .   i - +3 scale mail {rC+}
rPois    +         Reflect  .   (no helmet)
rElec    .         Harm     .   (no cloak)
rCorr    .         Rampage  .   (no gloves)
Will     ++...     Clarity  +   (no barding)
Stlth    ..........             (no amulet)
HPRegen  1.30/turn              c - ring of ice
MPRegen  0.12/turn              r - ring of poison resistance

@: berserking, strong-willed, regenerating, lightly drained, curled up, very
quick
A: large, rugged brown scales 3, see invisible, deformed body, roll 1, armoured
tail, reflexive curl, clarity
a: Rolling Charge, Renounce Religion, Berserk, Trog's Hand, Brothers in Arms


You were on level 8 of the Dungeon.
You worshipped Trog.
Trog was greatly pleased with you.
You visited 1 branch of the dungeon, and saw 8 of its levels.

You collected 307 gold pieces.
You spent 42 gold pieces at shops.

Inventory:

Hand Weapons
 h - a +8 trident of electrocution (weapon)
Missiles
 b - 33 poisoned darts
Armour
 i - a +3 scale mail of cold resistance (worn)
Jewellery
 c - a ring of ice (left hand)
 p - a ring of protection from cold
 r - a ring of poison resistance (right hand)
Wands
 d - a wand of iceblast (6)
 e - a wand of acid (18)
 m - a wand of paralysis (10)
 n - a wand of mindburst (13)
 q - a wand of polymorph (30)
Scrolls
 a - a scroll of teleportation
 o - a scroll of fear
Potions
 f - 2 potions of flight
 g - 2 potions of curing
 j - a potion of brilliance
 k - 2 potions of haste
 s - a potion of magic {unknown}
 t - a potion of might {unknown}


   Skills:
 + Level 7.0 Fighting
 + Level 4.7 Long Blades
 + Level 8.5 Polearms
 + Level 5.8 Armour
 + Level 3.3 Dodging
 + Level 1.9 Stealth


You had 9 spell levels left.
You didn't know any spells.
Your spell library was empty.

Dungeon Overview and Level Annotations

Branches:
Dungeon (8/15)             Temple (0/1) D:6
   Lair: D:8-11

Altars:
Cheibriados
Dithmenos
Ru

Shops:
D:1 =:[[*   D:8 *


Innate Abilities, Weirdness & Mutations

You are completely covered in rugged brown scales. (AC +3, +7% HP)
You have supernaturally acute eyesight. (SInv)
Armour fits poorly on your strangely shaped body.
You can roll at nearby foes to attack.
You have a long armoured tail.
You curl defensively after being hit.
You possess an exceptional clarity of mind.


Message History

The tengu warrior hits you but does no damage.
The tengu warrior pecks you.
The tengu warrior claws you but does no damage.
You feel much better.
The tengu warrior hits you with a +0 battleaxe!
The tengu warrior completely misses you.
The tengu warrior claws you.
Your skin crawls.
You feel strong-willed. The tengu warrior misses you.
The tengu warrior pecks you but does no damage.
The tengu warrior claws you.
You hear a shout!
You puncture the tengu warrior!
The tengu warrior is heavily wounded.
You hear a horrible gurgling sound!
The tengu warrior hits you with a +0 battleaxe!
The tengu warrior pecks you but does no damage.
The tengu warrior claws you but does no damage.
You miss the tengu warrior. You tail-slap the tengu warrior!
The tengu warrior is heavily wounded.
The tengu warrior hits you but does no damage.
The tengu warrior barely misses you. x2
You barely miss the tengu warrior.
The tengu warrior is heavily wounded.
The tengu warrior hits you with a +0 battleaxe!
* * * LOW HITPOINT WARNING * * *
The tengu warrior pecks you but does no damage.
The tengu warrior claws you but does no damage.
You closely miss the tengu warrior.
The tengu warrior is heavily wounded.
The tengu warrior hits you with a +0 battleaxe!
* * * LOW HITPOINT WARNING * * *
The tengu warrior barely misses you. The tengu warrior claws you.
* * * LOW HITPOINT WARNING * * *
Unknown command.
A red film seems to cover your vision as you go berserk!
You feel yourself moving faster!
You feel mighty!
The tengu warrior hits you with a +0 battleaxe!
You die...

. # # ##### ### #
......♣♣ ♣♣.♣♣# ♣
♣♣♣♣)♣♣♣♣..♣♣♣...♣#
...
♣y.)≈...♣♣♣........
♣..♣♣♣♣.♣♣♣♣..♣♣♣...♣#
♣..@Qo)...♣♣♣ ♣♣.♣♣#
####♣y♣#### ### # ♣)♣
# .♣Q # z# #. # h. ..
# yg .. # ... ... #
.## ##. #


You could see a tengu warrior, a killer bee and an orc.

Vanquished Creatures
  Joseph (D:8)
  An unseen horror (D:5)
  A shadow (D:5)
  2 vampire mosquitoes (D:8)
  A water moccasin (D:8)
  Duvessa (D:5)
  2 orc warriors (D:8)
  An ice beast (D:5)
  A black bear (D:7)
  2 necrophages
  2 centaurs (D:8)
  2 ogres (D:4)
  2 phantoms
  A kobold brigand (D:7)
  2 scorpions
  6 bullfrogs
  2 water moccasin zombies
  Dowan (D:5)
  A water moccasin skeleton (D:6)
  An electric eel (D:8)
  2 centaur zombies
  6 hounds
  3 jellies
  2 orc priests
  A centaur skeleton (D:6)
  A gnoll shaman (D:7)
  2 iguanas
  Terence (D:2)
  3 orc wizards
  2 killer bee zombies (D:8)
  A hound zombie (D:5)
  8 gnolls
  9 adders
  2 shadow imps
  4 white imps
  2 ufetubi
  2 worms
  5 dart slugs
  10 orcs
  7 ball pythons
  5 endoplasms
  5 giant cockroaches
  12 goblins
  6 hobgoblins
  6 jackals
  3 quokkas
  6 bats
  8 frilled lizards
  13 kobolds
  5 rats
175 creatures vanquished.

Vanquished Creatures (others)
  An orc wizard (D:8)
  A frilled lizard (D:1)
  A rat (D:1)
  13 plants (D:8)
16 creatures vanquished.

Grand Total: 191 creatures vanquished

Notes
Turn   | Place    | Note
-------+----------+-------------------------------------------
     0 | D:1      | saladfella the Palentonga Berserker began the quest for the
                  | Orb.
     0 | D:1      | Reached XP level 1. HP: 19/19 MP: 1/1
   120 | D:1      | Reached XP level 2. HP: 13/25 MP: 2/2
   337 | D:1      | Found Ywiczoyte's Jewellery Boutique.
   461 | D:1      | Found Towo Vusups's Armour Boutique.
   646 | D:1      | Found Usebb's Armour Boutique.
   688 | D:1      | Found Damonn's Book Emporium.
   716 | D:1      | Found Awocloapt's General Store.
   724 | D:1      | Bought a potion of curing for 42 gold pieces
  1404 | D:2      | Reached XP level 3. HP: 5/31 MP: 3/3
  2259 | D:2      | Reached XP level 4. HP: 15/39 MP: 4/4
  2462 | D:2      | Noticed Terence
  2467 | D:2      | Killed Terence
  2679 | D:2      | Reached ** piety under Trog
  3214 | D:3      | Reached XP level 5. HP: 29/44 MP: 5/5
  3566 | D:3      | Found a faded altar of an unknown god.
  3725 | D:3      | Reached skill level 1 in Polearms
  3884 | D:3      | Reached skill level 1 in Stealth
  4015 | D:3      | Reached XP level 6. HP: 51/51 MP: 6/6
  4768 | D:4      | Reached skill level 2 in Polearms
  5011 | D:4      | Reached *** piety under Trog
  5264 | D:4      | Gained mutation: You curl defensively after being hit.
                  | [Palentonga growth]
  5264 | D:4      | Reached XP level 7. HP: 58/58 MP: 7/7
  5411 | D:4      | Reached skill level 3 in Polearms
  5919 | D:5      | Entered Level 5 of the Dungeon
  6084 | D:5      | Reached skill level 4 in Polearms
  6085 | D:5      | Noticed an unseen horror
  6097 | D:5      | Killed an unseen horror
  6098 | D:5      | Reached skill level 5 in Fighting
  6098 | D:5      | Reached skill level 5 in Polearms
  6098 | D:5      | Reached XP level 8. HP: 34/66 MP: 8/8
  6105 | D:5      | Noticed Duvessa
  6115 | D:5      | Killed Duvessa
  6127 | D:5      | Noticed Dowan
  6139 | D:5      | Killed Dowan
  6406 | D:5      | Found a snail-covered altar of Cheibriados.
  6453 | D:5      | Found a shadowy altar of Dithmenos.
  6714 | D:6      | Reached skill level 6 in Polearms
  6889 | D:6      | Reached **** piety under Trog
  6901 | D:6      | Found a staircase to the Ecumenical Temple.
  6939 | D:6      | Reached XP level 9. HP: 73/73 MP: 9/9
  6999 | D:6      | Reached skill level 5 in Armour
  7085 | D:6      | Found a sacrificial altar of Ru.
  7469 | D:7      | Reached skill level 7 in Polearms
  7516 | D:7      | Gained mutation: You possess an exceptional clarity of
                  | mind. [potion of mutation]
  8076 | D:8      | Found Odergh's Overcharged Wands.
  8154 | D:8      | Noticed Joseph
  8162 | D:8      | Killed Joseph
  8421 | D:8      | Reached skill level 8 in Polearms
  8713 | D:8      | Noticed a tengu warrior
  8713 | D:8      | Noticed a troll
  8715 | D:8      | Reached XP level 10. HP: 78/84 MP: 10/10
  8732 | D:8      | HP: 4/83 [tengu warrior (4)]
  8733 | D:8      | Slain by a tengu warrior

Illustrated notes

Levels and vault maps discovered:
D:1:      lightli_molten_gateway, layout_basic, serial_shops,
          nicolae_shop_stone, shop, nicolae_diamond_shop, shop_statue,
          nicolae_shop_waterfront, serial_park_tiny_pond, dk_noncrumbling_2,
          hangedman_decor_opposing, lemuel_flame_loot_1
D:2:      layout_basic, hangedman_decor_points, grunt_ministairs_7, uniq_terence
D:3:      layout_basic, hellmonk_ecumenical_altar_lost_god
D:4:      layout_basic
D:5:      layout_basic, mainiacjoe_overflow_24_doors,
          nicolae_dithmenos_the_darkroom, minmay_misc_feat_rugged,
          minmay_manual_mess, uniq_duvessa
D:6:      layout_rooms, nicolae_ru_great_annihilating_truth,
          minmay_temple_entry_butterflies
D:7:      layout_loops_corners
D:8:      nzn_winding_woodlands_large [nzn_winding_woodlands_5x5_closed_star,
          nzn_winding_woodlands_5x15_eye, nzn_winding_woodlands_5x5_open_star,
          nzn_winding_woodlands_center_triple_pond,
          nzn_winding_woodlands_15x15_five_gardens,
          nzn_winding_woodlands_center_diamonds,
          nzn_winding_woodlands_hourglass, nzn_winding_woodlands_5x15_pockets,
          nzn_winding_woodlands_5x5_default], layout_loops_corners,
          enter_bailey_3, st_stairs_3, serial_bayou_pond_c,
          nicolae_shop_overcharged_wands, uniq_joseph

Skill      XL: |  1  2  3  4  5  6  7  8  9 |
---------------+----------------------------+-----
Long Blades    | 4 |  4.7
Dodging        | 2 3 |  3.3
Fighting       | 4 5 7 |  7.0
Polearms       | 1 2 5 6 8 |  8.5
Armour         | 2 3 4 5 |  5.8
Stealth        | 1 |  1.9

Action                   |  1- 3 |  4- 6 |  7- 9 | 10-12 || total
-------------------------+-------+-------+-------+-------++-------
Melee: Falchion          |    99 |    11 |       |       ||   110
       Tailslap          |    11 |    16 |    18 |     2 ||    47
       Trident           |       |   130 |   210 |    14 ||   354
Invok: Berserk           |     1 |     1 |     1 |     1 ||     4
       Trog's Hand       |       |     1 |       |     1 ||     2
 Abil: Rolling Charge    |    23 |    18 |    50 |       ||    91
  Use: Potion            |     2 |     1 |     3 |     1 ||     7
       Scroll            |     1 |     6 |    11 |       ||    18
 Stab: Paralysed         |       |       |     1 |       ||     1
Armor: Animal skin       |    27 |     1 |       |       ||    28
       Scale mail        |       |    70 |   105 |    15 ||   190
Dodge: Dodged            |    44 |    58 |    56 |     7 ||   165
       Rpst.: Falchion   |    16 |     1 |       |       ||    17
